 Dungeon Crawl Stone Soup version 0.31-a0-1522-g43313d8a59 (webtiles) character file.

Game seed: 4719871003020122048

4671 Xavori the Ducker (level 10, -2/80 HPs)
             Began as a Djinni Chaos Knight on Dec 30, 2023.
             Was a Plaything of Xom.
             Slain by a gnoll sergeant
             ... wielding a +0 halberd
              (15 damage)
             ... in a bailey.
             The game lasted 00:12:52 (15346 turns).

Xavori the Ducker (Djinni Chaos Knight)            Turns: 15346, Time: 00:12:52

Health: -2/80      AC: 10    Str: 11    XL:     10   Next: 71%
Gold:   625        EV: 21    Int: 17    God:    Xom [......] SH:  0 Dex: 22

rFire   + + +        D - +9 quarterstaff "Kiskipen" {speed, rCorr Str+2}
rCold   x . .        (shield currently unavailable)
rNeg    . . .        b - +2 leather armour
rPois   ∞            (helmet restricted)
rElec   +            p - +0 cloak
rCorr   +            i - +0 pair of gloves of Failure {Will+ Dex+2}
SInv    .            (boots unavailable)
Will    ++...        (no amulet)
Stlth   ++           f - +5 ring of evasion
HPRegen 0.33/turn    (no ring)
MPRegen 0.00/turn

%: random rage (3%), infuse magic (-3 HP)
@: on berserk cooldown, flying
A: sickness immunity, fire resistance 3, cold vulnerability 1, float, innate
caster, HP casting, extra vitality 1, antennae 2, agile 1, berserk 1, clever 1,
passive freeze, robust 1, shaggy fur 2, electricity resistance
a: Renounce Religion


You were in a bailey.
You worshipped Xom.
You were a very special plaything of Xom.
You visited 1 branch of the dungeon, and saw 9 of its levels.
You also visited: Sewer and Bailey.

You collected 625 gold pieces.

Inventory:

Hand Weapons
 a - a +0 falchion of chaos
 D - the +9 quarterstaff "Kiskipen" (weapon) {speed, rCorr Str+2}
   (You found it on level 9 of the Dungeon)

   Str+2:     It affects your strength (+2).
   rCorr:     It protects you from acid and corrosion.
Missiles
 E - a throwing net
Armour
 b - a +2 leather armour (worn)
 i - the +0 pair of gloves of Failure (worn) {Will+ Dex+2}
   (You acquired it on level 1 of the Dungeon)

   Dex+2:     It affects your dexterity (+2).
   Will+:     It increases your willpower.
 p - a +0 cloak (worn)
 q - a +0 buckler
Jewellery
 f - a +5 ring of evasion (left hand)
Wands
 y - a wand of flame (6)
 z - a wand of paralysis (4)
 C - a wand of roots (4)
Scrolls
 c - a scroll of butterflies
 d - 4 scrolls of teleportation
 k - 3 scrolls of blinking
 l - a scroll of immolation {unknown}
 m - 2 scrolls of summoning
 n - 3 scrolls of fear
 t - a scroll of noise {unknown}
 u - a scroll of amnesia {unknown}
 v - a scroll of vulnerability {unknown}
 w - 2 scrolls of revelation {unknown}
 x - a scroll of identify {unknown}
Potions
 e - 2 potions of magic {unknown}
 g - 2 potions of heal wounds {unknown}
 h - a potion of ambrosia {unknown}
 j - 3 potions of curing
 o - a potion of mutation {unknown}
 r - a potion of attraction {unknown}
 s - a potion of degeneration {unknown}
 A - a potion of might {unknown}
 B - a potion of enlightenment {unknown}


   Skills:
 + Level 6.5 Fighting
 - Level 5.9 Long Blades
 * Level 0.7 Staves
 + Level 5.8 Armour
 + Level 6.7 Dodging
 + Level 5.3 Shields
 * Level 5.7 Spellcasting
 * Level 5.7 Conjurations
 * Level 5.7 Hexes
   Level 0.0 Charms
 * Level 5.7 Summonings
 * Level 5.7 Necromancy
 * Level 5.7 Translocations
   Level 0.0 Transmutations
 * Level 5.7 Fire Magic
 * Level 5.7 Ice Magic
 * Level 5.7 Air Magic
 * Level 5.7 Earth Magic
 * Level 5.7 Alchemy
 + Level 0.4 Evocations


You knew the following spells:

 Your Spells              Type           Power      Damage    Failure   Level
a - Apportation           Tloc           48%        N/A       1%          1
b - Searing Ray           Conj           48%        2d6       2%          2
c - Lesser Beckoning      Tloc           48%        N/A       2%          2
d - Teleport Other        Tloc           24%        N/A       4%          3
Your spell library was empty.

Dungeon Overview and Level Annotations

Branches:
Dungeon (9/15)             Temple (0/1) D:6           Sewer (visited)
 Bailey (1/1)
   Lair: D:8-11         Orc: D:9-12

Altars:
Nemelex Xobeh
Ru
Uskayaw
Zin

Shops:
D:3 *   D:6 *

Annotations:
D:7 2 transporters, odbg100's ghost, novice MiFi


Innate Abilities, Weirdness & Mutations

You are immune to sickness and miasma.
You are immune to poison.
Your flesh is almost immune to the effects of heat. (rF+++)
You are vulnerable to cold. (rC-)
You float through the air rather than walking.
You learn spells naturally, not from books.
Your magical power is your life essence.
You have superior vitality. (+4 MHP)
You have a pair of antennae on your head.
You are agile. (Dex +4, Str/Int -1)
You sometimes lose your temper in combat.
Your mind is acute. (Int +4, Str/Dex -1)
A frigid envelope surrounds you and freezes all who hurt you.
You are robust. (+10% HP)
You are covered in thick fur. (AC +2)
You are resistant to electric shocks. (rElec)


Message History

a +0 glaive; a +0 chain mail; a gnoll corpse Unknown command.
You feel yourself speed up.
The gnoll sergeant completely misses you.
The gnoll sergeant closely misses you. The gnoll sergeant misses you.
The gnoll sergeant hits you from afar with a +5 halberd of chaos!
You are confused.
There is an open door here.
Xom makes a sudden noise!
You hear someone calling for help!
You hear a shout! x9
The gnoll sergeant attacks as it pursues you!
The gnoll sergeant hits you from afar with a +0 halberd.
A gnoll opens the door.
A gnoll comes into view.
It is wielding a +0 trident and quivering a throwing net.
A gnoll bouda comes into view. It is wielding a +0 trident.
The gnoll sergeant barely misses you.
Found 22 gold pieces.
You sock the wolf!
The wolf is heavily wounded.
The wolf bites you but does no damage.
A gnoll comes into view. It is wielding a +0 halberd.
A gnoll sergeant comes into view. It is wielding a +0 glaive.
The gnoll sergeant hits you from afar with a +0 halberd!
It was a potion of curing.
You feel better.
The gnoll sergeant is no longer moving quickly.
The wolf bites you but does no damage.
The wolf is very cold.
The wolf is severely wounded.
The gnoll sergeant hits you from afar with a +5 halberd of chaos!!
* * * LOW HITPOINT WARNING * * *
The gnoll sergeant burns you.
* * * LOW HITPOINT WARNING * * *
The wolf bites you!
* * * LOW HITPOINT WARNING * * *
The wolf is very cold.
The wolf is almost dead.
The gnoll bouda barks out a call to the hunt!
The gnolls pick up the pace!
The gnoll sergeant hits you from afar with a +0 halberd!
You die...
Xom cackles wildly!

≈≈≈≈≈≈≈≈≈≈≈≈≈≈≈≈≈≈≈≈♣♣
...#############...≈≈♣
.###.8.g.#...8.##...≈♣
.#,#....g#...)..##..≈♣
.#,#....g†.g)....#..≈♣
.#,#...#####.gh..#..≈♣
.# +.,**, ,##hgg.#..≈♣
.#*****,,,,{###h##..≈♣
.+ ,,* ,,, ,,#g.@...≈♣
.+ ,,+,, 8..gg......≈♣
.+,,,*,,,$.gg#......≈♣
.#*****,,...*##+##..≈♣
.#,+,,**,. ** ,,,#..≈♣
.#,*,,,*****,,,,,#..≈♣
.#,*,,,,,,,,,,,,,#..≈♣
.#,*,,,,,,,,,, ,*#..≈♣
.#**,8 ,,,,,,8,**,,,


You could see 4 gnoll sergeants, 3 wolves, 2 gnoll boudas and 3 gnolls.

Vanquished Creatures
  Psyche (D:8)
  A wyvern (D:8)
  3 yaks
  3 vampire mosquitoes
  2 orc warriors
  A sky beast (D:8)
  2 black bears
  A swamp drake (D:6)
  An ice beast (D:7)
  A wolf (Bailey)
  2 ogres (D:5)
  4 centaurs
  2 phantoms (D:4)
  5 bullfrogs
  A kobold brigand (D:8)
  A gnoll sergeant (Bailey)
  A scorpion (D:6)
  5 wights
  2 howler monkeys
  2 jellies
  A bombardier beetle (D:4)
  Crazy Yiuf (D:2)
  4 orc priests
  5 hounds
  3 sleepcaps
  An iguana (D:6)
  2 gnoll boudas
  5 orc wizards
  6 gnolls
  11 adders
  2 ufetubi (D:6)
  4 ribbon worms
  17 orcs
  18 endoplasms
  15 giant cockroaches
  7 goblins
  4 hobgoblins
  4 jackals (D:2)
  11 quokkas
  9 ball pythons
  9 bats
  13 frilled lizards
  10 kobolds
  8 rats
211 creatures vanquished.

Vanquished Creatures (collateral kills)
  Joseph (D:7)
  A wight (D:6)
  A dart slug (D:5)
  An orc (D:5)
  A ball python (Sewer)
5 creatures vanquished.

Vanquished Creatures (others)
  An orc priest (D:5)
  An adder (Sewer)
2 creatures vanquished.

Grand Total: 218 creatures vanquished

Notes
Turn   | Place    | Note
-------+----------+-------------------------------------------
     0 | D:1      | Xavori the Djinni Chaos Knight began the quest for the Orb.
     0 | D:1      | Reached XP level 1. HP: 20/20 MP: 0/0
    52 | D:1      | Found a faded altar of an unknown god.
   111 | D:1      | XOM: noise
   251 | D:1      | Reached XP level 2. HP: 25/25 MP: 0/0
   331 | D:1      | XOM: divination: magic mapping
   662 | D:1      | XOM: butterfly on damage
   664 | D:1      | Reached XP level 3. HP: 16/30 MP: 0/0
   664 | D:1      | Learned a level 1 spell: Apportation
   786 | D:1      | Reached skill level 1 in Spellcasting
   786 | D:1      | Reached skill level 1 in Conjurations
   786 | D:1      | Reached skill level 1 in Hexes
   786 | D:1      | Reached skill level 1 in Summonings
   786 | D:1      | Reached skill level 1 in Necromancy
   786 | D:1      | Reached skill level 1 in Translocations
   786 | D:1      | Reached skill level 1 in Fire Magic
   786 | D:1      | Reached skill level 1 in Ice Magic
   786 | D:1      | Reached skill level 1 in Air Magic
   786 | D:1      | Reached skill level 1 in Earth Magic
   786 | D:1      | Reached skill level 1 in Alchemy
  1378 | D:1      | XOM: god gift: scroll labelled WOQESE MUCURCH {god gift}
  1382 | D:1      | Identified a scroll of acquirement
  1382 | D:1      | Acquired the +0 pair of gloves of Failure {Will+ Dex+2}
  1535 | D:1      | XOM: give mutations
  1535 | D:1      | Gained mutation: Your movements are slightly less
                  | encumbered by armour. (ER -2) [Xom's grace]
  1535 | D:1      | Gained mutation: You have a pair of small antennae on your
                  | head. [Xom's grace]
  1535 | D:1      | Gained mutation: Your flesh is almost immune to the effects
                  | of heat. (rF+++) [Xom's grace]
  1655 | D:1      | XOM: give mutations
  1655 | D:1      | Gained mutation: Your spells are a little harder to cast,
                  | but a little more powerful. [Xom's mischief]
  1655 | D:1      | Gained mutation: You occasionally lose the ability to drink
                  | potions when taking damage. [Xom's mischief]
  1921 | D:1      | XOM: summons 1 hostile demon
  2302 | D:1      | XOM: give mutations
  2302 | D:1      | Lost mutation: Your spells are a little harder to cast, but
                  | a little more powerful. [Xom's mischief]
  2302 | D:1      | Gained mutation: Your mind is acute. (Int +4, Str/Dex -1)
                  | [Xom's mischief]
  3231 | D:1      | XOM: god gift: 3 atropa-tipped darts
  3868 | D:1      | XOM: give mutations
  3868 | D:1      | Gained mutation: You have a pair of antennae on your head.
                  | [Xom's grace]
  3868 | D:1      | Gained mutation: You passively map a small area around you.
                  | [Xom's grace]
  4433 | D:1      | XOM: summons 1 hostile demon
  4734 | D:1      | XOM: summons 1 hostile shadow creature
  4765 | D:2      | XOM: give mutations
  4765 | D:2      | Gained mutation: You are resistant to electric shocks.
                  | (rElec) [Xom's mischief]
  4765 | D:2      | Lost mutation: Your flesh is almost immune to the effects
                  | of heat. (rF+++) [Xom's mischief]
  4765 | D:2      | Lost mutation: You occasionally lose the ability to drink
                  | potions when taking damage. [Xom's mischief]
  4765 | D:2      | Lost mutation: You passively map a small area around you.
                  | [Xom's mischief]
  5886 | D:1      | XOM: noise
  6179 | D:1      | XOM: give mutations
  6179 | D:1      | Lost mutation: Your movements are slightly less encumbered
                  | by armour. (ER -2) [Xom's mischief]
  6179 | D:1      | Gained mutation: You are covered in fur. (AC +1) [Xom's
                  | mischief]
  6179 | D:1      | Gained mutation: You have hidden genetic potential. [Xom's
                  | mischief]
  6533 | D:1      | XOM: draining
  6575 | D:1      | XOM: torment (14/25 hp)
  6695 | D:2      | XOM: 2-stop teleportation journey
  6837 | D:2      | You are sucked into a shaft and drop 2 floors!
  6837 | D:4      | XOM: stealth player
  6862 | D:3      | Found a hide-covered altar of Uskayaw.
  6862 | D:3      | Found a sacrificial altar of Ru.
  6899 | D:3      | Found Zin's Purification Station.
  6908 | D:3      | XOM: swap monsters
  6912 | D:3      | Reached XP level 4. HP: 31/31 MP: 0/0
  6985 | D:2      | Gained mutation: Your flesh is almost immune to the effects
                  | of heat. (rF+++) [hidden potential]
  7666 | D:2      | Found a runed translucent door.
  7667 | D:2      | Noticed Crazy Yiuf
  7678 | D:2      | Killed Crazy Yiuf
  7679 | D:2      | Reached XP level 5. HP: 17/40 MP: 0/0
  7679 | D:2      | Learned a level 2 spell: Searing Ray
  7692 | D:2      | Gained mutation: You are covered in thick fur. (AC +2)
                  | [hidden potential]
  7692 | D:2      | Lost mutation: You have hidden genetic potential. [hidden
                  | potential expressed]
  7952 | D:3      | Found a glowing silver altar of Zin.
  8104 | D:3      | XOM: silly message
  8337 | D:4      | Noticed a phantom
  8337 | D:4      | XOM: snakes to sticks
  8340 | D:4      | XOM: summons friendly crimson imp
  8347 | D:4      | Noticed a phantom
  8353 | D:4      | XOM: swap monsters
  8362 | D:4      | Killed a phantom
  8363 | D:4      | Reached XP level 6. HP: 28/47 MP: 0/0
  8371 | D:4      | Reached skill level 1 in Shields
  8685 | D:4      | Reached XP level 7. HP: 18/51 MP: 0/0
  8685 | D:4      | Learned a level 2 spell: Lesser Beckoning
  8860 | D:4      | XOM: torment (27/51 hp)
  8886 | D:4      | XOM: give mutation
  8886 | D:4      | Gained mutation: You are robust. (+10% HP) [Xom's mischief]
  9402 | D:5      | Entered Level 5 of the Dungeon
  9492 | D:5      | XOM: summons 1 hostile demon
  9521 | D:5      | Identified the +1 robe of the Toothy God {rC+ MP+9 SInv}
  9534 | D:5      | XOM: blink monster(s)
  9644 | D:5      | XOM: 1-stop teleportation journey
  9651 | D:5      | XOM: enchant monster (good)
  9662 | D:5      | Reached XP level 8. HP: 42/63 MP: 0/0
  9829 | D:5      | XOM: god gift: 20 gold pieces
 10036 | D:6      | Found a glowing drain.
 10106 | Sewer    | Entered a sewer
 10362 | Sewer    | XOM: enchant monster (good)
 10552 | D:6      | XOM: 4-stop teleportation journey
 10699 | D:7      | Reached skill level 5 in Fighting
 10699 | D:7      | Reached XP level 9. HP: 53/71 MP: 0/0
 10699 | D:7      | Learned a level 3 spell: Teleport Other
 10767 | D:6      | Reached skill level 5 in Dodging
 10785 | D:6      | XOM: 5-stop teleportation journey
 10805 | D:6      | XOM: enchant monster (good)
 10855 | D:6      | XOM: cloud trail
 10879 | D:6      | XOM: 3-stop teleportation journey
 10959 | D:6      | Found Esuutzep's Fire Supplies.
 11142 | D:6      | XOM: noise
 11282 | D:6      | Reached skill level 5 in Long Blades
 11402 | D:6      | XOM: summons 5 hostile demons
 11506 | D:6      | Found a staircase to the Ecumenical Temple.
 11675 | D:7      | XOM: enchant monster (bad)
 11830 | D:7      | Found a transporter.
 11833 | D:7      | Noticed odbg100's ghost (novice MiFi)
 11833 | D:7      | Identified the +5 dire flail of Golden Duty {venom, Will+}
 11937 | D:7      | Noticed Joseph
 11941 | D:7      | XOM: 3-stop teleportation journey
 12184 | D:7      | XOM: summons 9 friendly demons
 12188 | D:7      | Killed Joseph
 12189 | D:7      | Reached skill level 5 in Armour
 12189 | D:7      | Reached XP level 10. HP: 73/79 MP: 0/0
 12294 | D:7      | XOM: give mutations
 12294 | D:7      | Lost mutation: Your mind is acute. (Int +4, Str/Dex -1)
                  | [Xom's mischief]
 12294 | D:7      | Gained mutation: You sometimes lose your temper in combat.
                  | [Xom's mischief]
 12294 | D:7      | Gained mutation: You passively map a small area around you.
                  | [Xom's mischief]
 12294 | D:7      | Gained mutation: You are clumsy. (Dex -2) [Xom's mischief]
 12386 | D:7      | XOM: summons 6 hostile demons
 12418 | D:7      | XOM: polymorph white imp -> lemure
 12504 | D:6      | XOM: noise
 13143 | D:6      | XOM: give mutation
 13143 | D:6      | Lost mutation: You passively map a small area around you.
                  | [Xom's mischief]
 13237 | D:6      | XOM: confusion
 13846 | D:6      | XOM: give mutations
 13846 | D:6      | Gained mutation: A frigid envelope surrounds you and
                  | freezes all who hurt you. [Xom's grace]
 13846 | D:6      | Gained mutation: Your mind is acute. (Int +4, Str/Dex -1)
                  | [Xom's grace]
 13846 | D:6      | Lost mutation: You are clumsy. (Dex -2) [Xom's grace]
 13846 | D:6      | Gained mutation: You are agile. (Dex +4, Str/Int -1) [Xom's
                  | grace]
 14055 | D:7      | Reached skill level 5 in Spellcasting
 14055 | D:7      | Reached skill level 5 in Conjurations
 14055 | D:7      | Reached skill level 5 in Hexes
 14055 | D:7      | Reached skill level 5 in Summonings
 14055 | D:7      | Reached skill level 5 in Necromancy
 14055 | D:7      | Reached skill level 5 in Translocations
 14055 | D:7      | Reached skill level 5 in Fire Magic
 14055 | D:7      | Reached skill level 5 in Ice Magic
 14055 | D:7      | Reached skill level 5 in Air Magic
 14055 | D:7      | Reached skill level 5 in Earth Magic
 14055 | D:7      | Reached skill level 5 in Alchemy
 14096 | D:7      | Found a sparkling altar of Nemelex Xobeh.
 14174 | D:7      | Found a transporter.
 14428 | D:8      | XOM: 4-stop teleportation journey
 14460 | D:8      | Noticed Psyche
 14467 | D:8      | Killed Psyche
 14468 | D:8      | Reached skill level 5 in Shields
 14815 | D:8      | XOM: confusion
 14882 | D:8      | XOM: divination: magic mapping
 14998 | D:8      | XOM: cleaving
 15163 | D:9      | Found a flagged portal.
 15167 | D:9      | Identified the +9 quarterstaff "Kiskipen" {speed, rCorr
                  | Str+2}
 15187 | Bailey   | Entered a bailey
 15202 | Bailey   | XOM: divination: magic mapping
 15203 | Bailey   | XOM: enchant monster (good)
 15338 | Bailey   | XOM: chaos upgrade
 15344 | Bailey   | XOM: noise
 15346 | Bailey   | Slain by a gnoll sergeant

Illustrated notes

Levels and vault maps discovered:
D:1:      nicolae_arrival_washed_ashore, layout_loops_ring,
          shapermc_ecumenical_altar_venn, amcnicky_mini_corridor_feature
D:2:      layout_loops_ring, minivault_4, uniq_crazy_yiuf_cottage
D:3:      layout_rooms, zin_purify, grunt_temple_overflow_open,
          kennysheep_another_room
D:4:      layout_basic, st_stairs_2
D:5:      layout_basic, kiku_gazebo_garden_becter
D:6:      layout_gridville, temple_doors_ab, gup_sewer_entry_glass,
          nicolae_shop_fire_sale [nicolae_sub_dead_trees],
          serial_library_hellmonk_h_bend
D:7:      layout_loops_ring, mainiacjoe_overflow_alcove_4,
          gammafunk_ghost_smash, serial_library_hellmonk_room_b, uniq_joseph
D:8:      layout_loops_ring, uniq_psyche
D:9:      layout_roguey, cheibrodos_worm_habitat, enter_bailey_2
Bailey:   bailey_polearm_gnolls_kennysheep, bailey

Skill      XL: |  1  2  3  4  5  6  7  8  9 10 |
---------------+-------------------------------+-----
Spellcasting   | 1 2 3 4 5 |  5.7
Conjurations   | 1 2 3 4 5 |  5.7
Hexes          | 1 2 3 4 5 |  5.7
Summonings     | 1 2 3 4 5 |  5.7
Necromancy     | 1 2 3 4 5 |  5.7
Translocations | 1 2 3 4 5 |  5.7
Fire Magic     | 1 2 3 4 5 |  5.7
Ice Magic      | 1 2 3 4 5 |  5.7
Air Magic      | 1 2 3 4 5 |  5.7
Earth Magic    | 1 2 3 4 5 |  5.7
Alchemy        | 1 2 3 4 5 |  5.7
Long Blades    | 3 4 5 |  5.9
Armour         | 2 3 4 5 |  5.8
Dodging        | 3 4 5 6 |  6.7
Shields        | 1 2 3 4 5 |  5.3
Fighting       | 4 5 6 |  6.5
Staves         | |  0.7
Evocations     | |  0.4

Action                     |  1- 3 |  4- 6 |  7- 9 | 10-12 || total
---------------------------+-------+-------+-------+-------++-------
  Melee: Falchion          |   124 |   155 |   469 |   111 ||   859
         Quarterstaff      |       |       |       |    29 ||    29
   Cast: Searing Ray       |       |     1 |     1 |     1 ||     3
    Use: Scroll            |     1 |       |     4 |       ||     5
         Potion            |       |       |       |     1 ||     1
   Stab: Sleeping          |     1 |     2 |     3 |     2 ||     8
         Petrified         |       |       |     2 |     2 ||     4
         Confused          |       |       |     3 |       ||     3
         Petrifying        |       |       |     1 |     1 ||     2
         Paralysed         |       |       |     1 |       ||     1
         Distracted        |       |       |       |     1 ||     1
 Armour: Leather armour    |    53 |    65 |   233 |   142 ||   493
  Dodge: Dodged            |   114 |    84 |   446 |   232 ||   876
  Block: Buckler           |       |     6 |   142 |    49 ||   197

Table legend: (Time is in decaauts)
 A = Elapsed time spent in this place.
 B = Non-inter-level travel time spent in this place.
 C = Inter-level travel time spent in this place.
 D = Time resting spent in this place.
 E = Time spent auto-exploring this place.
 F = Levels seen in this place.
 G = Mean time per level.
                   A        B        C        D        E       F      G
               +--------+--------+--------+--------+--------+-----+--------+
         Total |  15528 |  15276 |    252 |   8122 |   5096 |  11 | 1411.6 |
       Dungeon |  15042 |  14790 |    252 |   8100 |   4938 |   9 | 1671.3 |
         Sewer |    320 |    320 |      0 |      0 |     70 |   1 |  320.0 |
        Bailey |    166 |    166 |      0 |     22 |     88 |   1 |  166.0 |
               +--------+--------+--------+--------+--------+-----+--------+

Top non-repeatable levels by time:
     D:1: 6181 daAuts
     D:6: 2908 daAuts
     D:2: 1508 daAuts
     D:4: 1321 daAuts
     D:7: 1042 daAuts
     D:8: 844 daAuts
     D:5: 633 daAuts
     D:3: 445 daAuts
   Sewer: 320 daAuts
  Bailey: 166 daAuts
     D:9: 156 daAuts
